 Dungeon Crawl Stone Soup version 0.32-a0-656-g3542139ebd (webtiles) character file.

Game seed: 15359790879888938817

32727 Aldia the Black Sun (level 13, -6/96 HPs)
             Began as a Vampire Enchanter on Mar 9, 2024.
             Was a High Priest of Kikubaaqudgha.
             Mangled by a polar bear (27 damage)
             ... on level 4 of the Lair of Beasts.
             The game lasted 00:52:56 (16103 turns).

Aldia the Black Sun (Vampire Enchanter)            Turns: 16103, Time: 00:52:56

Health: -6/96      AC: 18    Str: 10    XL:     13   Next: 32%
Magic:  17/22      EV:  2    Int: 23    God:    Kikubaaqudgha [*****.]
Gold:   268        SH:  0    Dex: 26    Spells: 1/24 levels left

rFire   . . .        h - +3 dagger (venom)
rCold   . . .        m - +0 buckler
rNeg    . . .        B - +3 robe of Hed Epac {+Inv Dex+3}
rPois   +            y - +2 helmet
rElec   +            P - +1 cloak of Terror {rCorr Str+6 Int-2 Stlth+}
rCorr   +            N - +0 pair of gloves of Lilisae {rElec rPois Str-3 SInv}
SInv    +            T - +2 pair of boots
Will    .....        d - amulet of magic regeneration
Stlth   +++++++      e - +4 ring of protection
HPRegen 0.56/turn    W - ring "Ruoblad" {Int+6 Dex+5}
MPRegen 0.58/turn

%: no passive effects
@: sleeping, weak-willed, fugue, jinxed, healing quickly
A: alive, fangs 3, see invisible, vampiric 2
a: Exsanguinate, Renounce Religion, Evoke Invisibility, Unearth Wretches,
Torment


You were on level 4 of the Lair of Beasts.
You worshipped Kikubaaqudgha.
Kikubaaqudgha was extremely pleased with you.
You visited 3 branches of the dungeon, and saw 16 of its levels.
You also visited: Ossuary, Bailey and Gauntlet.

You collected 982 gold pieces.
You spent 714 gold pieces at shops.

Inventory:

Hand Weapons
 h - a +3 dagger of venom (weapon)
Missiles
 t - 2 curare-tipped darts (quivered)
Armour
 j - the +2 robe "Usitzuda" {Harm +Blink rF+ rC++ Int-3}
   (You found it in a bailey)

   Int-3:     It affects your intelligence (-3).
   rF+:       It protects you from fire.
   rC++:      It greatly protects you from cold.
   +Blink:    It lets you blink.
   Harm:      It increases damage dealt and taken.
 m - a +0 buckler (worn)
 y - a +2 helmet (worn)
 B - the +3 robe of Hed Epac (worn) {+Inv Dex+3}
   (You found it in a Gauntlet)

   Dex+3:     It affects your dexterity (+3).
   +Inv:      It lets you turn invisible.
 D - a +0 troll leather armour
 F - +0 steam dragon scales
 I - a +2 robe of cold resistance
 N - the +0 pair of gloves of Lilisae (worn) {rElec rPois Str-3 SInv}
   (You found it in a Gauntlet)

   Str-3:     It affects your strength (-3).
   rElec:     It insulates you from electricity.
   rPois:     It protects you from poison.
   SInv:      It lets you see invisible.
 P - the +1 cloak of Terror (worn) {rCorr Str+6 Int-2 Stlth+}
   (You found it on level 9 of the Dungeon)

   Str+6:     It affects your strength (+6).
   Int-2:     It affects your intelligence (-2).
   rCorr:     It protects you from acid and corrosion.
   Stlth+:    It makes you more stealthy.
 T - a +2 pair of boots (worn)
 V - +0 acid dragon scales
Jewellery
 d - an amulet of magic regeneration (around neck)
 e - a +4 ring of protection (left hand)
 v - a ring of ice
 x - a ring of ice
 E - a +6 ring of strength
 O - a ring of magical power
 W - the ring "Ruoblad" (right hand) {Int+6 Dex+5}
   (You found it in a Gauntlet)

   [ring of intelligence]

   Int+6:     It affects your intelligence (+6).
   Dex+5:     It affects your dexterity (+5).
 X - an amulet of the acrobat
Wands
 q - a wand of mindburst (1)
 G - a wand of polymorph (6)
 H - a wand of light (1)
 Q - a wand of roots (15)
 S - a wand of digging (4)
 U - a wand of charming (2)
Scrolls
 k - 2 scrolls of vulnerability
 n - 2 scrolls of noise
 o - 3 scrolls of fog
 s - 4 scrolls of enchant weapon
 A - 2 scrolls of blinking
 J - a scroll of brand weapon
 K - a scroll of amnesia {unknown}
 M - 4 scrolls of teleportation
Potions
 a - 2 potions of attraction
 b - 3 potions of curing
 c - a potion of cancellation {unknown}
 g - a potion of invisibility
 i - 3 potions of might
 l - 5 potions of lignification
 p - 2 potions of resistance
 r - 2 potions of berserk rage
 u - 2 potions of haste
 w - 3 potions of enlightenment
 z - a potion of magic {unknown}
 C - a potion of ambrosia
 R - 2 potions of brilliance
 Y - a potion of heal wounds
 Z - a potion of mutation {unknown}
Miscellaneous
 f - a phantom mirror


   Skills:
 - Level 7.2 Fighting
 - Level 10.0 Short Blades
 - Level 10.0 Dodging
 - Level 12.9 Stealth
 - Level 4.0 Shields
 + Level 6.4 Spellcasting
 - Level 9.0 Hexes
 * Level 13.7 Necromancy
 - Level 1.0 Ice Magic


You had one spell level left.
You knew the following spells:

 Your Spells              Type           Power      Damage    Failure   Level
a - Ensorcelled Hibernat  Hex/Ice        60%        N/A       2%          2
b - Confusing Touch       Hex            48%        N/A       1%          3
c - Tukima's Dance        Hex            48%        N/A       1%          3
d - Dispel Undead         Necr           63%        3d22      1%          4
e - Fugue of the Fallen   Necr           63%        N/A       1%          3
f - Jinxbite              Hex            96%        N/A       1%          2
g - Death Channel         Necr           31%        N/A       6%          6

Your spell library contained the following spells:

 Spells                   Type           Power      Damage    Failure   Level
 Necrotise                Necr           100%       1d9       1%          1
 Apportation              Tloc           14%        N/A       12%         1
 Sting                    Conj/Alch      28%        1d4       12%         1
 Summon Small Mammal      Summ           28%        N/A       12%         1
 Sublimation of Blood     Necr           63%        N/A       1%          2
 Curse of Agony           Necr           63%        N/A       1%          5
 Cigotuvi's Dreadful Rot  Necr/Alch/Air  56%        N/A       2%          2
 Dazzling Flash           Conj/Hex       56%        N/A       5%          3
 Martyr's Knell           Necr/Summ      38%        N/A       7%          4
 Call Imp                 Summ           14%        N/A       17%         2
 Passwall                 Erth           7%         N/A       34%         3
 Stone Arrow              Conj/Erth      14%        3d7       34%         3
 Swiftness                Air            7%         N/A       34%         3
 Yara's Violent Unravell  Hex/Alch       14%        3d7       45%         5
 Animate Armour           Summ/Erth      14%        N/A       75%         4
 Vhi's Electric Charge    Tloc/Air       14%        N/A       75%         4
 Enfeeble                 Hex            24%        N/A       94%         7
 Arcjolt                  Conj/Air       3%         1d13      97%         5
 Summon Hydra             Summ           3%         N/A       100%        7
 Lehudib's Crystal Spear  Conj/Erth      3%         10d3      100%        8
 Maxwell's Capacitive Co  Air            3%         ∞         100%        8


Dungeon Overview and Level Annotations

Branches:
Dungeon (11/15)            Temple (1/1) D:6            Lair (4/5) D:9
 Shoals (0/4) Lair:2       Spider (0/4) Lair:2          Orc (0/2) D:9
Ossuary (visited)          Bailey (visited)         Gauntlet (visited)
  Slime: Lair:4-5

Altars:
Ashenzari
Cheibriados
Dithmenos
Fedhas
Gozag
Hepliaklqana
Kikubaaqudgha
Makhleb
Nemelex Xobeh
Okawaru
Qazlal
Ru
Sif Muna
Trog
Uskayaw
Vehumet
Wu Jian
Xom
Yredelemnul

Shops:
D:1 =   D:5 *[   D:6 (   D:7 (   D:8 :   D:10 [

Annotations:
D:10 exclusion: orange crystal statue


Innate Abilities, Weirdness & Mutations

Your natural rate of healing is accelerated.
You have razor-sharp teeth.
You have supernaturally acute eyesight. (SInv)
You are afflicted with vampirism and can become a bat while bloodless.


Message History

The polar bear misses you. The polar bear closely misses you.
The polar bear claws you but does no damage.
The polar bear bites you. The polar bear misses you. x2
The dream sheep shake their wool and sparkle.
You feel drowsy...
You fall asleep.
The dream sheep headbutts you!!
You wake up.
* * * LOW HITPOINT WARNING * * *
Okay, then.
You hit the bullfrog. Your bite misses the bullfrog.
The bullfrog is heavily wounded.
The bullfrog misses you.
You barely miss the bullfrog. You bite the bullfrog.
The bullfrog is almost dead.
A giggling sprite leaps out and smacks the bullfrog with its own front foot.
You kill the bullfrog!
Kikubaaqudgha accepts your kill.
The wailing of tortured souls fills the air!
The polar bear barely misses you. You block the polar bear's attack.
The polar bear completely misses you. x2
The polar bear claws you but does no damage.
The polar bear completely misses you. The dream sheep closely misses you.
The dream sheep headbutts you but does no damage.
The dream sheep completely misses you.
Unknown command.
Unknown command.
Unknown command.
The wailing of tortured souls fills the air!
The dream sheep completely misses you.
The polar bear attacks as it pursues you!
The polar bear misses you.
The polar bear claws you but does no damage.
You block the polar bear's attack.
The polar bear attacks as it pursues you!
The polar bear closely misses you. You block the polar bear's attack.
The polar bear closely misses you.
The dream sheep shake their wool and sparkle.
You feel drowsy...
You fall asleep.
The polar bear bites you!!
You die...
Kikubaaqudgha rasps: You have failed me!
Welcome... death!

#........##.##
#.....<.###.†#
#.....### #.##
.........# ##[##
.# ##.#..#.##
#..†# #..
#.###..# ##†##
#..## . ...#
#.### .#..# .
....#
#..h###..... .
##...#
#.@#....... ..
###h...####...
##.kYY##....#.
#...#Y†!......
#..#YS.ß.=.ß..
....#Y.††.>....
......#...ß...ß..
.......#.........
....#..#.#....#..


You could see 2 polar bears, a water moccasin, a wyvern and 5 dream sheep.

Vanquished Creatures
  A minotaur (Gauntlet)
  Fannar (Lair:3)
  A boulder beetle (Lair:3)
  2 two-headed ogres
  A tengu warrior (Gauntlet)
  A skyshark (Lair:2)
  A pharaoh ant (Lair:2)
  An orc knight (Bailey)
  A deep elf pyromancer (Bailey)
  A merfolk siren (Lair:2)
  9 elephants
  2 black mambas
  6 cane toads
  A rime drake (Lair:3)
  2 minotaur zombies (Gauntlet)
  2 unseen horrors
  8 komodo dragons
  2 merfolk (Lair:2)
  A polar bear (Lair:2)
  A tarantella (Lair:2)
  3 trolls (D:11)
  6 blink frogs
  A dream sheep (Lair:4)
  A jumping spider (Lair:2)
  A shadow (D:7)
  The ghost of theodolus the Covered, an amateur MDFi (D:6)
  3 steam dragons
  39 yaks
  4 wargs (D:11)
  5 wyverns
  2 basilisks
  2 acid dragons
  4 water moccasins
  5 ice beasts
  17 orc warriors
  2 black bears
  4 centaurs
  A phantom (D:5)
  2 kobold brigands
  22 bullfrogs
  7 scorpions
  9 wights
  3 killer bees (D:9)
  7 howler monkeys
  3 electric eels
  A quasit (D:6)
  2 bombardier beetles
  7 orc priests
  Terence (D:2)
  3 iguanas
  15 orc wizards
  6 hell rats (Lair:1)
  7 gnolls (D:6)
  6 adders
  2 shadow imps
  A white imp (D:7)
  A dart slug (D:2)
  3 ribbon worms
  66 orcs
  5 ball pythons
  6 endoplasms
  2 giant cockroaches
  7 goblins
  4 hobgoblins
  3 quokkas
  3 bats
  7 frilled lizards
  2 goblin zombies (D:6)
  2 hobgoblin zombies (D:6)
  19 kobolds
  A kobold skeleton (D:6)
  An orc zombie (D:6)
  2 rats
384 creatures vanquished.

Vanquished Creatures (collateral kills)
  3 orc warriors (Bailey)
  2 orcs (Bailey)
5 creatures vanquished.

Grand Total: 389 creatures vanquished

Notes
Turn   | Place    | Note
-------+----------+-------------------------------------------
     0 | D:1      | Aldia the Vampire Enchanter began the quest for the Orb.
     0 | D:1      | Reached XP level 1. HP: 13/13 MP: 3/3
   138 | D:1      | Found Osywar's Jewellery Emporium.
   185 | D:1      | Found a faded altar of an unknown god.
   254 | D:1      | Reached XP level 2. HP: 6/19 MP: 5/5
   341 | D:1      | Reached skill level 5 in Stealth
   612 | D:2      | Learned a level 2 spell: Ensorcelled Hibernation
   706 | D:2      | Gained mutation: You are afflicted with vampirism and can
                  | become a bat while bloodless. [Vampire growth]
   706 | D:2      | Reached XP level 3. HP: 19/19 MP: 3/6
   842 | D:2      | Noticed Terence
   845 | D:2      | Killed Terence
   846 | D:2      | Reached skill level 1 in Ice Magic
   846 | D:2      | Reached XP level 4. HP: 24/24 MP: 4/7
  1304 | D:3      | Found a broken altar of Ashenzari.
  1432 | D:3      | Reached skill level 5 in Hexes
  1434 | D:3      | Reached XP level 5. HP: 28/28 MP: 1/8
  1444 | D:3      | Learned a level 3 spell: Confusing Touch
  1448 | D:3      | Learned a level 3 spell: Tukima's Dance
  1508 | D:3      | Found an iron altar of Okawaru.
  1577 | D:3      | Identified the +2 quarterstaff "Uxtuelo" {freeze, Str+3}
  1846 | D:3      | Found a hazy altar of Hepliaklqana.
  2246 | D:4      | Found an ancient bone altar of Kikubaaqudgha.
  2314 | D:4      | Became a worshipper of Kikubaaqudgha
  2898 | D:5      | Entered Level 5 of the Dungeon
  2901 | D:5      | Reached XP level 6. HP: 32/32 MP: 9/9
  3015 | D:5      | Reached skill level 1 in Necromancy
  3311 | D:5      | Reached skill level 5 in Short Blades
  3358 | D:5      | Found Deompow's Fire Supplies.
  3448 | D:5      | Noticed an ice beast
  3466 | D:5      | Killed an ice beast
  3467 | D:5      | Reached XP level 7. HP: 36/36 MP: 6/10
  3590 | D:5      | Reached skill level 2 in Necromancy
  3599 | D:5      | Noticed a wyvern
  3670 | D:5      | Killed a wyvern
  3931 | D:5      | Found Xipsam's Antique Armour Shoppe.
  3940 | D:5      | Reached skill level 3 in Necromancy
  4188 | D:6      | Reached * piety under Kikubaaqudgha
  4188 | D:6      | Received a gift from Kikubaaqudgha
  4189 | D:6      | Reached XP level 8. HP: 41/41 MP: 3/14
  4301 | D:6      | Found a burning altar of Makhleb.
  4330 | D:6      | Found a staircase to the Ecumenical Temple.
  4330 | D:6      | Found Zerehuso's Antique Weapon Shop.
  4347 | Temple   | Entered the Ecumenical Temple
  4389 | D:6      | Reached skill level 1 in Fighting
  4417 | D:6      | Reached skill level 4 in Necromancy
  4425 | D:6      | HP: 2/45 [wight/+0 short sword (8)]
  4745 | D:6      | Found a runed translucent door.
  4987 | D:6      | Reached skill level 5 in Necromancy
  5234 | D:6      | Noticed theodolus's ghost (amateur MDFi)
  5251 | D:6      | Reached ** piety under Kikubaaqudgha
  5260 | D:6      | Killed theodolus's ghost
  5261 | D:6      | Reached XP level 9. HP: 52/52 MP: 2/15
  5380 | D:7      | Found a sand-covered staircase.
  5391 | Ossuary  | Entered an ossuary
  5473 | D:7      | Reached skill level 5 in Dodging
  5585 | D:7      | Found a flagged portal.
  5609 | Bailey   | Entered a bailey
  5718 | Bailey   | Reached skill level 6 in Necromancy
  5872 | Bailey   | Found a large runed translucent door.
  5872 | Bailey   | Found a large runed translucent door.
  5873 | Bailey   | Noticed a deep elf pyromancer
  5877 | Bailey   | Noticed an orc knight
  5909 | Bailey   | Killed an orc knight
  5927 | Bailey   | Reached skill level 5 in Fighting
  5927 | Bailey   | Reached skill level 7 in Necromancy
  6097 | Bailey   | Killed a deep elf pyromancer
  6122 | Bailey   | Identified the +2 robe "Usitzuda" {Harm +Blink rF+ rC++
                  | Int-3}
  6124 | Bailey   | Identified the +1 orcbow of Tauf Boe {freeze, rElec rPois
                  | rC- Int-2}
  6331 | D:7      | Reached XP level 10. HP: 59/59 MP: 9/16
  6479 | D:7      | Found Gocvog's Weapon Boutique.
  6661 | D:7      | Found a blossoming altar of Fedhas.
  6661 | D:7      | Found an opulent altar of Gozag.
  6737 | D:8      | Reached skill level 10 in Stealth
  6819 | D:8      | Found Boin's Book Shop.
  6903 | D:8      | Reached *** piety under Kikubaaqudgha
  6903 | D:8      | Received a gift from Kikubaaqudgha
  6916 | D:8      | Learned a level 4 spell: Dispel Undead
  7085 | D:8      | Found a hide-covered altar of Uskayaw.
  7553 | D:8      | Noticed a two-headed ogre
  7557 | D:8      | Killed a two-headed ogre
  7954 | D:9      | Reached skill level 8 in Necromancy
  8272 | D:9      | Reached XP level 11. HP: 64/64 MP: 11/17
  8415 | D:9      | Found a sacrificial altar of Ru.
  8474 | D:9      | Identified the +1 cloak of Terror {rCorr Str+6 Int-2
                  | Stlth+}
  8527 | D:9      | Found a staircase to the Lair.
  8667 | D:9      | Found a staircase to the Orcish Mines.
  8700 | D:9      | Reached **** piety under Kikubaaqudgha
  9044 | D:10     | Entered Level 10 of the Dungeon
  9109 | D:8      | Bought a book of Misfortune for 544 gold pieces
  9113 | D:8      | Learned a level 3 spell: Fugue of the Fallen
  9219 | D:10     | Found a shimmering altar of Xom.
  9844 | D:10     | Noticed a two-headed ogre
  9849 | D:10     | Killed a two-headed ogre
  9882 | D:10     | Found Ceteliw's Armour Emporium.
  9889 | D:10     | Bought a +0 pair of boots for 58 gold pieces
  9891 | D:10     | Reached skill level 9 in Necromancy
 10281 | D:10     | Noticed an orange crystal statue
 10547 | D:11     | Reached skill level 10 in Short Blades
 10784 | D:11     | Found a gate leading to a gauntlet.
 10788 | D:11     | Found a frozen archway.
 10793 | Gauntlet | Entered a Gauntlet
 10793 | Gauntlet | Found a transporter.
 10793 | Gauntlet | Found a transporter.
 10801 | Gauntlet | Found a transporter.
 10805 | Gauntlet | Found a transporter.
 10813 | Gauntlet | Found a transporter.
 10817 | Gauntlet | Found a transporter.
 10830 | Gauntlet | Found a transporter.
 10842 | Gauntlet | Found a transporter.
 10856 | Gauntlet | Found a transporter.
 10860 | Gauntlet | Found a transporter.
 10868 | Gauntlet | Found a transporter.
 10872 | Gauntlet | Found a transporter.
 10872 | Gauntlet | Noticed a tengu warrior
 10911 | Gauntlet | Learned a level 2 spell: Jinxbite
 10935 | Gauntlet | Identified the +3 robe of Hed Epac {+Inv Dex+3}
 10940 | Gauntlet | Killed a tengu warrior
 10947 | Gauntlet | Noticed an oklob plant
 10973 | Gauntlet | Noticed an ironbound frostheart
 10973 | Gauntlet | Noticed an ironbound frostheart
 10974 | Gauntlet | Noticed a brown very ugly thing
 11032 | Gauntlet | Identified the +0 pair of gloves of Lilisae {rElec rPois
                  | Str-3 SInv}
 11038 | Gauntlet | Identified the ring "Ruoblad" {Int+6 Dex+5}
 11052 | Gauntlet | Noticed a minotaur
 11062 | Gauntlet | Killed a minotaur
 11070 | Gauntlet | Reached skill level 5 in Spellcasting
 11206 | Gauntlet | Identified the +2 ring mail of Jupotat {Harm Regen+ Int-4}
 11344 | D:11     | Reached ***** piety under Kikubaaqudgha
 11405 | D:11     | HP: 1/66 [warg (9)]
 11819 | D:5      | Bought a buckler for 112 gold pieces
 11934 | Lair:1   | Entered Level 1 of the Lair of Beasts
 11946 | Lair:1   | Reached XP level 12. HP: 50/71 MP: 17/20
 12226 | Lair:1   | Reached skill level 10 in Necromancy
 12242 | Lair:1   | Learned a level 6 spell: Death Channel
 12556 | Lair:1   | Identified the +2 ring mail "Xelej" {+Inv Str+5 Int-5}
 13425 | Lair:2   | Reached skill level 11 in Necromancy
 13472 | Lair:2   | Found a hole to the Spider Nest.
 13508 | Lair:2   | Reached skill level 10 in Dodging
 13680 | Lair:2   | Reached skill level 1 in Shields
 13932 | Lair:2   | Reached skill level 12 in Necromancy
 13975 | Lair:2   | Found a staircase to the Shoals.
 14862 | Lair:3   | Noticed Fannar
 14869 | Lair:3   | Killed Fannar
 14870 | Lair:3   | Reached XP level 13. HP: 86/86 MP: 22/22
 15205 | Lair:3   | Reached skill level 13 in Necromancy
 16103 | Lair:4   | Mangled by a polar bear

Illustrated notes

Levels and vault maps discovered:
D:1:      dpeg_arrival_round_a, layout_rooms, serial_shops, shop,
          shapermc_ecumenical_altar_hornbeckon, hangedman_decor_lopped,
          minmay_misc_feat_five
D:2:      layout_rooms, minmay_bisected, uniq_terence
D:3:      layout_rooms, okawaru_metal_pillars_1_2, nzn_hepliaklqana_mist_gate,
          evilmike_ruin_ashenzari, chequers_serial_rivers_micro_a, hex_large,
          serial_bayou_pond_c
D:4:      layout_gridville, amcnicky_altar_gilded, minmay_quantized
D:5:      layout_loops_corners, serial_shops, nicolae_shop_crystal,
          nicolae_shop_fire_sale [nicolae_sub_dead_trees]
D:6:      layout_cave_pools, nicolae_tso_besieged_by_evil,
          mainiacjoe_overflow_alcove_1, minmay_temple_entry_offerings,
          serial_shops, nicolae_shop_stone, ebering_ghost_sewer_d
D:7:      layout_loops_ring, nicolae_overflow_two_pavilions, serial_shops, shop,
          enter_ossuary_1, enter_bailey_2, minmay_misc_feat_cross
D:8:      nicolae_cairo_tiling, layout_basic, nicolae_uskayaw_dance_hall,
          serial_shops, nicolae_shop_real_fake_doors, grunt_ministairs_12,
          amcnicky_mini_corridor_feature, kennysheep_path_1
D:9:      layout_roguey, nicolae_ru_the_path_less_chosen,
          grunt_lair_entry_orc_guard_hut, david_orc_1_choice
D:10:     minmay_statue_hallways, layout_loops_corners,
          mainiacjoe_overflow_small_starburst, lemuel_round_altar, serial_shops,
          nicolae_square_shop, special_room [special_room_orc]
D:11:     lemuel_castle_with_subvaults [lemuel_castle_interior_carwin_3],
          layout_irregular_city, gauntlet_entry_generic,
          portal_ice_cave_entry_pillars_1, kennysheep_windowed_goal
Temple:   hellmonk_temple_micro_hex
Lair:1:   layout_big_grid
Lair:2:   layout_regular_city, elwin_shoals_entry_stream,
          nicolae_spider_entry_lesser_pyramids, infiniplex_staircase_pool
Lair:3:   layout_cave_pods, serial_bayou, serial_bayou_crossing,
          serial_bayou_pond_e, serial_bayou_pond_e, serial_bayou_lake_a,
          lemuel_fruit_fields, uniq_fannar
Lair:4:   layout_loops_ring, lookout_lair_type, minmay_lindwurm_lava,
          grunt_megastairs_2

Skill      XL: |  1  2  3  4  5  6  7  8  9 10 11 12 13 |
---------------+----------------------------------------+-----
Stealth        | 5 6 7 8 9 12 | 12.9
Short Blades   | 2 3 4 5 8 10 | 10.0
Ice Magic      | 1 |  1.0
Hexes          | 5 7 8 9 |  9.0
Necromancy     | 1 3 5 7 8 9 12 13 | 13.7
Spellcasting   | 4 5 6 |  6.4
Fighting       | 4 5 6 7 |  7.2
Dodging        | 4 7 8 10 | 10.0
Shields        | 2 4 |  4.0

Action                     |  1- 3 |  4- 6 |  7- 9 | 10-12 | 13-15 || total
---------------------------+-------+-------+-------+-------+-------++-------
  Melee: Dagger            |    13 |    72 |   193 |   690 |   172 ||  1140
         Short sword       |    54 |    43 |       |       |       ||    97
         Bite              |     6 |    12 |    17 |   100 |    34 ||   169
   Cast: Ensorcelled Hiber |     3 |    22 |    58 |   114 |    31 ||   228
         Confusing Touch   |       |     1 |     3 |    10 |     4 ||    18
         Tukima's Dance    |       |       |     3 |     1 |       ||     4
         Dispel Undead     |       |       |       |    12 |       ||    12
         Fugue of the Fall |       |       |       |     6 |     1 ||     7
         Jinxbite          |       |       |       |     5 |     2 ||     7
 Invoke: Torment           |       |       |       |       |     1 ||     1
Ability: Revivify          |     1 |       |       |     1 |       ||     2
         Exsanguinate      |     1 |       |       |       |       ||     1
  Evoke: Wand              |       |     1 |     9 |     5 |       ||    15
    Use: Potion            |     1 |       |     3 |     3 |       ||     7
         Scroll            |     1 |     6 |     5 |    19 |       ||    31
   Stab: Sleeping          |     9 |    31 |    38 |    82 |    17 ||   177
         Confused          |       |     1 |     4 |    10 |     7 ||    22
         Invisible         |       |       |     3 |     1 |       ||     4
         Distracted        |       |       |       |     4 |       ||     4
 Armour: Robe              |    32 |    50 |   130 |   170 |    82 ||   464
         Steam dragon scal |       |       |       |   149 |       ||   149
  Dodge: Dodged            |    46 |    43 |   145 |   516 |   130 ||   880
  Block: Buckler           |       |       |       |    81 |    54 ||   135

Table legend: (Time is in decaauts)
 A = Elapsed time spent in this place.
 B = Non-inter-level travel time spent in this place.
 C = Inter-level travel time spent in this place.
 D = Time resting spent in this place.
 E = Time spent auto-exploring this place.
 F = Levels seen in this place.
 G = Mean time per level.
                   A        B        C        D        E       F      G
               +--------+--------+--------+--------+--------+-----+--------+
         Total |  15712 |  14835 |    877 |   1009 |  10265 |  19 |  826.9 |
       Dungeon |  10588 |   9864 |    724 |    262 |   7464 |  11 |  962.5 |
        Temple |     72 |     72 |      0 |     68 |      0 |   1 |   72.0 |
          Lair |   3996 |   3844 |    152 |    372 |   2612 |   4 |  999.0 |
       Ossuary |     11 |     11 |      0 |      0 |      0 |   1 |   11.0 |
        Bailey |    603 |    603 |      0 |    203 |     94 |   1 |  603.0 |
      Gauntlet |    440 |    440 |      0 |    104 |     94 |   1 |  440.0 |
               +--------+--------+--------+--------+--------+-----+--------+

Top non-repeatable levels by time:
    D:10: 1403 daAuts
  Lair:1: 1335 daAuts
  Lair:2: 1278 daAuts
     D:9: 1239 daAuts
     D:5: 1232 daAuts
     D:8: 1230 daAuts
  Lair:3: 1204 daAuts
     D:6: 1146 daAuts
     D:4: 1012 daAuts
     D:3: 770 daAuts
     D:7: 761 daAuts
    D:11: 616 daAuts
     D:2: 607 daAuts
  Bailey: 603 daAuts
     D:1: 567 daAuts
